 Dungeon Crawl Stone Soup version 0.23-a0-445-g768d57b (webtiles) character file.

27720 Danielmont the Bludgeoner (level 13, -3/126 HPs)
             Began as a Gargoyle Monk on Nov 17, 2018.
             Was the Champion of Okawaru.
             Killed by divine providence
             ... invoked by a balrug
              (10 damage)
             ... on level 2 of the Abyss on Nov 18, 2018.
             The game lasted 01:24:20 (13260 turns).

Danielmont the Bludgeoner (Gargoyle Monk)          Turns: 13260, Time: 01:24:30

Health: -3/126     AC: 29    Str: 20    XL:     13   Next: 34%
Magic:  13/13      EV:  2    Int: 11    God:    Okawaru [******]
Gold:   570        SH: 11    Dex: 12    Spells: 12/12 levels left

rFire    + . .     SeeInvis .   l - +5 morningstar (protect)
rCold    + + .     Gourm    .   C - +0 shield
rNeg     + + +     Faith    .   (armour currently unavailable)
rPois    ∞         Spirit   .   (helmet currently unavailable)
rElec    +         Reflect  .   (cloak currently unavailable)
rCorr    +         Harm     .   (gloves currently unavailable)
MR       .....     NoTele   +   (boots currently unavailable)
Stlth    ++........             q - amulet of regeneration
HPRegen  0.71/turn              o - ring of protection from fire
MPRegen  0.13/turn              u - ring of ice

@: tree-form, resistant, corroded, protection aura, very slightly contaminated
A: negative energy resistance 1, petrification resistance, rot immunity, AC +9
a: Heroism, Finesse, Renounce Religion


You were on level 2 of the Abyss.
You worshipped Okawaru.
Okawaru was exalted by your worship.
You were completely stuffed.
You were a tree.
You visited 3 branches of the dungeon, and saw 13 of its levels.
You visited the Abyss 1 time.

You collected 570 gold pieces.

Inventory:

Hand Weapons
 l - a +5 morningstar of protection (weapon)
Armour
 a - a +1 cloak (melded)
 h - a +4 plate armour
 k - a +0 pair of boots (melded)
 n - a +0 pair of gloves (melded)
 A - a +2 helmet of intelligence (melded)
 C - a +0 shield (worn)
 F - the +5 scale mail of Serendipity (melded) {MR+ Dex+3 Slay+3}
   (Okawaru gifted it to you on level 9 of the Dungeon)

   It affects your dexterity (+3).
   It affects your accuracy and damage with ranged weapons and melee attacks
   (+3).
   It affects your resistance to hostile enchantments.
Jewellery
 o - a ring of protection from fire (left branch)
 q - an amulet of regeneration (around neck)
 u - a ring of ice (right branch)
 z - an uncursed amulet of harm {unknown}
 B - an uncursed amulet of the acrobat
Wands
 s - a wand of iceblast (12)
 w - a wand of digging (8)
 y - a wand of acid (13)
 E - a wand of disintegration (8)
Scrolls
 g - 4 scrolls of identify
 i - 3 scrolls of amnesia
 j - 2 scrolls of teleportation
 v - 6 scrolls of remove curse
 x - a scroll of noise
 I - a scroll of magic mapping
Potions
 b - 2 potions of haste
 d - 3 potions of flight
 p - a potion of magic
Comestibles
 m - 21 rations


   Skills:
 + Level 11.2 Fighting
 + Level 15.0 Maces & Flails
 + Level 9.7 Armour
 + Level 5.5 Dodging
 + Level 3.7 Stealth
 + Level 7.3 Shields


You had 12 spell levels left.
You didn't know any spells.
Your spell library contained the following spells:

 Spells                   Type           Power        Failure   Level  Hunger
 Animate Skeleton         Necr           N/A          67%         1    ##.....
 Apportation              Tloc           #.....       67%         1    ##.....
 Confusing Touch          Hex            #.....       67%         1    ##.....
 Corona                   Hex            #......      67%         1    ##.....
 Infusion                 Chrm           #...         67%         1    ##.....
 Summon Small Mammal      Summ           #...         67%         1    ##.....
 Shroud of Golubria       Chrm/Tloc      #.........   82%         2    ###....
 Slow                     Hex            #.......     82%         2    ###....
 Song of Slaying          Chrm           #.......     82%         2    ###....
 Inner Flame              Hex/Fire       #.......     96%         3    ####...
 Portal Projectile        Hex/Tloc       #.....       96%         3    ####...
 Regeneration             Chrm/Necr      #.........   96%         3    ####...
 Spectral Weapon          Hex/Chrm       #.......     96%         3    ####...
 Cause Fear               Hex            #.........   100%        4    #####..
 Leda's Liquefaction      Hex/Erth       #.........   100%        4    #####..


Dungeon Overview and Level Annotations

Branches:
Dungeon (9/15)             Temple (1/1) D:6            Lair (3/6) D:9
  Snake (0/4) Lair:3
  Swamp: Lair:2-4    Shoals: Lair:2-4       Orc: D:9-12

Altars:
Ashenzari
Cheibriados
Dithmenos
Elyvilon
Fedhas
Gozag
Hepliaklqana
Kikubaaqudgha
Makhleb
Nemelex Xobeh
Okawaru
Qazlal
Ru
Sif Muna
Trog
Uskayaw
Vehumet
Wu Jian
Xom
Yredelemnul
Zin
The Shining One

Shops:
D:4 :

Annotations:
Lair:1 exclusion: 4 oklob plants
Lair:3 exclusion: oklob plant, Sonja


Innate Abilities, Weirdness & Mutations

You are resistant to torment.
((Your stone body is resilient. (AC +9)))
You are immune to poison.
You resist negative energy. (rN+)
((You are resistant to electric shocks. (rElec)))
((You can survive without breathing.))
You are immune to petrification.
You are immune to rotting.


Message History

As you read the scroll of enchant weapon, it crumbles to dust.
Your +4 morningstar of protection glows red for a moment.
You block the ufetubus's attack.
The ufetubus hits you but does no damage.
Your shield prevents you from hitting the ynoxinul.
You hit the ynoxinul but do no damage. You bludgeon the ynoxinul!!
The ynoxinul is heavily wounded.
You flicker back into view.
You block the ynoxinul's attack.
You thump the ynoxinul!
The ynoxinul is almost dead.
The ynoxinul gestures.
You bludgeon the ynoxinul!!
You kill the ynoxinul!
Okawaru accepts your kill.
The ufetubus disappears in a puff of smoke! x4
The balrug gestures at you. Something smites you!
You die...

. ###
. #
#♣#
#†# .
.
.§§§#
.
##§§2#
.
#.R§§#
###.#3
. .
..#.
## #
..


You could see a balrug.

Vanquished Creatures
  A reaper (Abyss:2)
  Fannar (Lair:1)
  A great orb of eyes (Abyss:2)
  A hydra (Lair:3)
  2 catoblepae (Lair:2)
  A two-headed ogre (D:8)
  5 death yaks (Lair:3)
  2 unseen horrors (Abyss:2)
  A shadow demon (Abyss:2)
  3 large abominations (Abyss:2)
  A rust devil (Abyss:2)
  An apocalypse crab (Abyss:2)
  A black mamba (Lair:3)
  6 spiny frogs
  An orange demon (Abyss:2)
  An efreet (Abyss:2)
  3 rime drakes
  A troll (D:9)
  Grinder (D:5)
  A hornet (D:8)
  A queen bee (Lair:2)
  Prince Ribbit (Lair:1)
  4 hippogriffs
  8 blink frogs
  6 raiju (Abyss:2)
  3 ynoxinuls (Abyss:2)
  A spriggan (D:7)
  A wyvern (D:8)
  A yak (D:9)
  A basilisk (D:9)
  Menkaure (D:7)
  4 nagas (Lair:3)
  Duvessa (D:5)
  3 water moccasins
  5 porcupines
  An orc warrior (D:8)
  An ice beast (D:8)
  3 sky beasts
  5 phantoms
  An eye of draining (D:8)
  3 wolves (Lair:3)
  2 ogres
  8 centaurs
  6 crocodiles
  12 bullfrogs
  2 gnoll sergeants
  3 scorpions
  Dowan (D:5)
  A wyvern skeleton (D:7)
  36 killer bees
  10 wights (D:8)
  3 howler monkeys
  A centaur zombie (D:7)
  5 crimson imps
  7 hounds
  A jelly (Abyss:2)
  2 quasits
  A bullfrog skeleton (D:8)
  A bullfrog zombie (D:5)
  5 orc priests
  An iron imp (Abyss:2)
  8 orc wizards
  A centaur skeleton (D:5)
  Terence (D:3)
  Jessica (D:2)
  3 iguanas
  Natasha (thrice) (D:2 D:4)
  3 worker ants
  A killer bee zombie (D:9)
  2 hound zombies
  3 hound skeletons
  A worker ant zombie (D:8)
  A howler monkey zombie (D:8)
  7 gnolls
  9 adders
  3 shadow imps (D:9)
  A white imp (Abyss:2)
  2 adder zombies (D:6)
  An adder skeleton (D:5)
  4 worms
  2 dart slugs
  7 leopard geckos
  37 orcs
  3 giant cockroaches
  6 goblins
  6 hobgoblins
  9 jackals
  4 quokkas
  2 ball pythons (D:1)
  9 bats
  7 frilled lizards
  4 kobolds (D:2)
  A leopard gecko skeleton (D:4)
  8 rats
  3 fungi (D:9)
  2 plants (Lair:2)
363 creatures vanquished.

Vanquished Creatures (others)
  An orc (D:3)
  4 fungi (Lair:2)
  A lurking horror (Abyss:2)
  3 plants
9 creatures vanquished.

Grand Total: 372 creatures vanquished

Notes
Turn   | Place    | Note
-------+----------+-------------------------------------------
     0 | D:1      | Danielmont the Gargoyle Monk began the quest for the Orb.
     0 | D:1      | Reached XP level 1. HP: 14/14 MP: 1/1
    62 | D:1      | Reached XP level 2. HP: 14/19 MP: 2/2
   748 | D:1      | Reached XP level 3. HP: 24/24 MP: 3/3
  1127 | D:2      | Noticed Jessica
  1131 | D:2      | Killed Jessica
  1156 | D:2      | Reached XP level 4. HP: 10/29 MP: 4/4
  1373 | D:2      | Noticed Natasha
  1404 | D:2      | Killed Natasha
  1404 | D:2      | Reached skill level 4 in Maces & Flails
  2090 | D:2      | Found a hide-covered altar of Uskayaw.
  2096 | D:2      | Found a sparkling altar of Nemelex Xobeh.
  2099 | D:2      | Found a sacrificial altar of Ru.
  2099 | D:2      | Found a burning altar of Makhleb.
  2099 | D:2      | Found a basalt altar of Yredelemnul.
  2099 | D:2      | Found a radiant altar of Vehumet.
  2099 | D:2      | Found a bloodstained altar of Trog.
  2100 | D:2      | Found a shattered altar of Ashenzari.
  2102 | D:2      | Found a deep blue altar of Sif Muna.
  2103 | D:2      | Found a glowing golden altar of the Shining One.
  2143 | D:2      | Reached skill level 1 in Armour
  2765 | D:3      | Found a shimmering altar of Xom.
  2765 | D:3      | Found a shimmering altar of Xom.
  2766 | D:3      | Found a shimmering altar of Xom.
  2766 | D:3      | Found a shimmering altar of Xom.
  2766 | D:3      | Found a shimmering altar of Xom.
  2794 | D:3      | Reached XP level 5. HP: 30/33 MP: 5/5
  2825 | D:3      | Noticed Terence
  2842 | D:3      | Killed Terence
  2945 | D:3      | Noticed a phantom
  3083 | D:3      | Killed a phantom
  3083 | D:3      | Reached XP level 6. HP: 28/38 MP: 6/6
  3221 | D:3      | Reached skill level 5 in Maces & Flails
  3973 | D:4      | Noticed a phantom
  3987 | D:4      | Reached XP level 7. HP: 37/44 MP: 7/7
  4026 | D:4      | Reached skill level 6 in Maces & Flails
  4096 | D:4      | Found Myturat's Book Boutique.
  4222 | D:4      | Noticed Natasha
  4238 | D:4      | Killed Natasha
  4347 | D:4      | Noticed Natasha
  4362 | D:4      | Killed Natasha
  4522 | D:5      | Entered Level 5 of the Dungeon
  4527 | D:5      | Noticed Grinder
  4544 | D:5      | Killed Grinder
  4544 | D:5      | Reached skill level 7 in Maces & Flails
  4544 | D:5      | Reached XP level 8. HP: 46/48 MP: 8/8
  4553 | D:5      | Reached skill level 5 in Fighting
  4791 | D:5      | Reached skill level 8 in Maces & Flails
  5141 | D:5      | Noticed Dowan
  5144 | D:5      | Reached skill level 9 in Maces & Flails
  5145 | D:5      | Noticed Duvessa
  5166 | D:5      | Killed Dowan
  5452 | D:5      | Reached XP level 9. HP: 55/55 MP: 9/9
  5864 | D:5      | Killed Duvessa
  5864 | D:5      | Reached skill level 5 in Armour
  6224 | D:6      | Found a staircase to the Ecumenical Temple.
  6278 | D:6      | Found a blossoming altar of Fedhas.
  6361 | Temple   | Entered the Ecumenical Temple
  6394 | Temple   | Became a worshipper of Warmaster Okawaru
  6394 | Temple   | Reached * piety under Okawaru
  6394 | Temple   | Reached ** piety under Okawaru
  6853 | D:7      | Reached skill level 10 in Maces & Flails
  7013 | D:7      | Noticed Menkaure
  7041 | D:7      | Killed Menkaure
  7376 | D:7      | Reached *** piety under Okawaru
  7508 | D:7      | Reached XP level 10. HP: 58/63 MP: 10/10
  7786 | D:8      | Reached skill level 11 in Maces & Flails
  7849 | D:8      | Noticed a two-headed ogre
  7866 | D:8      | Killed a two-headed ogre
  7866 | D:8      | Reached **** piety under Okawaru
  8345 | D:8      | Reached skill level 12 in Maces & Flails
  8469 | D:8      | Reached ***** piety under Okawaru
  8931 | D:9      | Found a shadowy altar of Dithmenos.
  9104 | D:9      | Reached XP level 11. HP: 64/68 MP: 11/11
  9321 | D:9      | Received a gift from Okawaru
  9321 | D:9      | Reached skill level 1 in Shields
  9328 | D:9      | Got a crude scale mail {god gift}
  9341 | D:9      | Identified the +5 scale mail of Serendipity {MR+ Dex+3
                  | Slay+3} (Okawaru gifted it to you on level 9 of the
                  | Dungeon)
  9393 | D:9      | Found a staircase to the Lair.
  9456 | Lair:1   | Entered Level 1 of the Lair of Beasts
  9777 | Lair:1   | Noticed Prince Ribbit
  9786 | Lair:1   | Killed Prince Ribbit
  9897 | Lair:1   | Noticed an oklob plant
  9902 | Lair:1   | Reached skill level 13 in Maces & Flails
  9923 | Lair:1   | Noticed an oklob plant
  9997 | Lair:1   | Noticed Fannar
 10261 | Lair:1   | Killed Fannar
 10597 | Lair:1   | Noticed an oklob plant
 10747 | Lair:1   | Noticed an oklob plant
 10904 | Lair:2   | Noticed a catoblepas
 10919 | Lair:2   | Killed a catoblepas
 10919 | Lair:2   | Received a gift from Okawaru
 11070 | Lair:2   | Reached ****** piety under Okawaru
 11125 | Lair:2   | Reached XP level 12. HP: 51/77 MP: 12/12
 11133 | Lair:2   | Found a bloodstained altar of Trog.
 11309 | Lair:2   | Received a gift from Okawaru
 11340 | Lair:2   | Noticed a catoblepas
 11352 | Lair:2   | Killed a catoblepas
 11412 | Lair:2   | Reached skill level 10 in Fighting
 11468 | Lair:2   | Reached skill level 14 in Maces & Flails
 12150 | Lair:3   | Reached skill level 5 in Shields
 12188 | Lair:3   | Noticed an eight-headed hydra
 12222 | Lair:3   | Killed an eight-headed hydra
 12330 | Lair:3   | Noticed Sonja
 12382 | Lair:3   | Found a staircase to the Snake Pit.
 12460 | Lair:3   | Noticed a death yak
 12460 | Lair:3   | Noticed a death yak
 12460 | Lair:3   | Noticed a death yak
 12460 | Lair:3   | Noticed a death yak
 12463 | Lair:3   | Noticed a death yak
 12482 | Lair:3   | Killed a death yak
 12532 | Lair:3   | Killed a death yak
 12541 | Lair:3   | Killed a death yak
 12548 | Lair:3   | Killed a death yak
 12570 | Lair:3   | Killed a death yak
 12819 | Lair:3   | Cast into level 2 of the Abyss (Sonja)
 12869 | Abyss:2  | Noticed a reaper
 12893 | Abyss:2  | Killed a reaper
 12893 | Abyss:2  | Reached skill level 5 in Dodging
 12893 | Abyss:2  | Reached XP level 13. HP: 46/84 MP: 13/13
 13057 | Abyss:2  | Received a gift from Okawaru
 13074 | Abyss:2  | Noticed a great orb of eyes
 13089 | Abyss:2  | Reached skill level 15 in Maces & Flails
 13118 | Abyss:2  | Killed a great orb of eyes
 13118 | Abyss:2  | HP: 1/84 [efreet/bolt of fire (23)]
 13161 | Abyss:2  | HP: 4/84 [efreet/+4 scimitar of flaming (4)]
 13235 | Abyss:2  | Noticed a green draconian
 13242 | Abyss:2  | Noticed a balrug
 13247 | Abyss:2  | HP: 1/84 [balrug/divine providence (17)]
 13252 | Abyss:2  | HP: 2/126 [rust devil (4)]
 13260 | Abyss:2  | Killed from afar by a balrug

Vault maps used:
D:1:      grunt_arrival_crossed_arrows
D:2:      minitemple, uniq_natasha, uniq_jessica
D:3:      xom_redecorated, hangedman_decor_riveting, uniq_terence
D:4:      serial_shops, nicolae_shop_behind_doors, first_ration
D:5:      hangedman_abyss_or_decor_lesser_grid, uniq_grinder, uniq_duvessa
D:6:      fedhas_altar_1, minmay_temple_entry_water_ring
D:7:      kennysheep_doodads, the_bakery, uniq_menkaure
D:8:      minmay_thinvault
D:9:      nicolae_dithmenos_through_a_glass_darkly, david_lair_generic
Temple:   nicolae_temple_figure_zero
Lair:1:   minmay_lair_oklob_chamber, uniq_prince_ribbit2, uniq_fannar
Lair:2:   lemuel_centaur_altar
Lair:3:   minmay_snake_entry_guardpost_small, lab_entry_generic,
          serial_bayou_shore_b, grunt_megastairs_5, uniq_sonja

Skill      XL: |  1  2  3  4  5  6  7  8  9 10 11 12 13 |
---------------+----------------------------------------+-----
Maces & Flails | 4 5 7 9 10 12 13 14 15 | 15.0
Fighting       | 4 5 7 8 9 10 11 | 11.2
Armour         | 1 2 3 4 6 8 9 |  9.7
Dodging        | 3 5 |  5.5
Stealth        | 3 |  3.7
Shields        | 3 6 7 |  7.3

Action                   |  1- 3 |  4- 6 |  7- 9 | 10-12 | 13-15 || total
-------------------------+-------+-------+-------+-------+-------++-------
Melee: Mace              |    96 |    83 |       |       |       ||   179
       Flail             |       |   147 |       |       |       ||   147
       Morningstar       |       |    52 |   550 |   882 |   118 ||  1602
Evoke: Wand              |       |       |       |       |     1 ||     1
  Use: Scroll            |       |     5 |     6 |    15 |     5 ||    31
       Potion            |       |       |     5 |    10 |     4 ||    19
 Stab: Sleeping          |     3 |       |       |     1 |       ||     4
       Petrified         |       |       |       |     3 |       ||     3
  Eat: Chunk             |       |     7 |    12 |    17 |       ||    36
       Ration            |       |     1 |       |     1 |     3 ||     5
Armor: Robe              |    28 |       |       |       |       ||    28
       Plate armour      |    35 |   256 |   631 |   397 |       ||  1319
       Scale mail        |       |       |       |   367 |    73 ||   440
       Skin              |       |       |       |       |     1 ||     1
Dodge: Dodged            |    61 |    83 |   198 |   379 |    47 ||   768
Block: Shield            |       |       |       |   348 |    76 ||   424

Table legend:
 A = Non-vault XP
 B = Vault XP
 C = Vault XP percentage of total XP
 D = Non-vault monster count
 E = Vault monster count
 F = Vault count percentage of total count
                 A         B        C        D         E       F
            +---------+---------+-------+---------+---------+-------
      Total |   27230 |   12371 |  31.2 |     289 |      70 |  19.5
            +---------+---------+-------+---------+---------+-------
        D:1 |      37 |       0 |   0.0 |      23 |       0 |   0.0
        D:2 |      40 |      72 |  64.3 |      21 |       2 |   8.7
        D:3 |     334 |      38 |  10.2 |      36 |       1 |   2.7
        D:4 |     569 |       0 |   0.0 |      16 |       0 |   0.0
        D:5 |    1049 |     499 |  32.2 |      29 |       3 |   9.4
        D:6 |     407 |       0 |   0.0 |      10 |       0 |   0.0
        D:7 |    1408 |     383 |  21.4 |      24 |       2 |   7.7
        D:8 |    3013 |     780 |  20.6 |      43 |      11 |  20.4
        D:9 |    1316 |     757 |  36.5 |      25 |       4 |  13.8
     Lair:1 |    1896 |    2362 |  55.5 |       8 |       8 |  50.0
     Lair:2 |    5234 |    2179 |  29.4 |      16 |      29 |  64.4
     Lair:3 |    3191 |    5301 |  62.4 |      14 |      10 |  41.7
    Abyss:2 |    8736 |       0 |   0.0 |      24 |       0 |   0.0
            +---------+---------+-------+---------+---------+-------
